 Dungeon Crawl Stone Soup version 0.31.0-11-ge490571c62 (webtiles) character file.

Game seed: 16028392865372462961

5104117 Sergey the Brawler (level 21, 283/283 HPs)
             Began as a Troll Gladiator on Jan 26, 2024.
             Was an Elder of Okawaru.
             Escaped with the Orb
             ... and 3 runes
             ... and 5 gems!
             The game lasted 03:57:05 (14098 turns).

Sergey the Brawler (Troll Gladiator)               Turns: 14098, Time: 03:57:06

Health: 283/283    AC: 34    Str: 32    XL:     21   Next: 1%
Magic:  29/29      EV: 14    Int:  4    God:    Okawaru [****..]
Gold:   718        SH: 16    Dex: 11    Spells: 20/20 levels left

rFire   + +          +
                       - Unarmed
rCold   + . .        b - +3 kite shield {rF+}
rNeg    + . .        V - melded +0 swamp dragon scales
rPois   ∞            j - +0 hat "Ibbear" {rF++}
rElec   +            S - +2 cloak {Will+}
rCorr   .            (gloves unavailable)
SInv    .            (boots unavailable)
Will    +++..        e - amulet of regeneration
Stlth   +            K - ring of the Writhing Ancients {Will+ AC+4}
HPRegen 2.27/turn    J - +4 ring of slaying
MPRegen 0.21/turn

%: no passive effects
@: statue-form, heroic, very slow
A: slow and powerful, torment resistance 1, boosted hp, large, unfitting armour,
claws 3, regeneration 1, (shaggy fur 1), (tough skin 1), cold resistance 1,
dopey 1, fire resistance 1, teleportitis 1, weak 1
0: Orb of Zot
}: 3/15 runes: serpentine, barnacled, abyssal
a: Begin Untransformation, Renounce Religion, Heroism, Finesse


You escaped.
You worshipped Okawaru.
Okawaru was greatly pleased with you.
You were a living statue of rough stone.
You visited 8 branches of the dungeon, and saw 40 of its levels.
You visited the Abyss 2 times.
You visited 1 bazaar.
You visited 1 ziggurat, and saw 5 of its levels.

You collected 3001 gold pieces.
You spent 2283 gold pieces at shops.

Inventory:

Hand Weapons
 u - a +5 scimitar of distortion {!w}
 T - the +5 dire flail of the Hidden Bounties {vamp, Int+3 Dex+3}
   (You found it on level 5 of the Lair of Beasts)

   Int+3:     It affects your intelligence (+3).
   Dex+3:     It affects your dexterity (+3).
Missiles
 d - 3 throwing nets
 y - 7 atropa-tipped darts
 F - a silver javelin
 G - a curare-tipped dart
 I - 42 large rocks
 L - a javelin
 Q - a boomerang (quivered)
Armour
 b - a +3 kite shield of fire resistance (worn)
 j - the +0 hat "Ibbear" (worn) {rF++}
   (You acquired it on level 4 of the Lair of Beasts)

   rF++:      It greatly protects you from fire.
 n - a +8 tower shield
 s - a +1 kite shield of positive energy
 S - a +2 cloak of willpower (worn)
 V - +0 swamp dragon scales (melded)
Magical Staves
 W - a staff of fire {rF+ !a}
Jewellery
 e - an amulet of regeneration (around neck)
 q - a +6 ring of strength
 w - a ring of ice
 J - a +4 ring of slaying (right claw)
 K - the ring of the Writhing Ancients (left claw) {Will+ AC+4}
   (You found it on level 5 of a ziggurat)

   [ring of protection]

   AC+4:      It affects your AC (+4).
   Will+:     It increases your willpower.
 M - a ring of willpower
 Z - a ring of protection from fire
Talismans
 N - a granite talisman (active)
Wands
 c - a wand of quicksilver (11)
 f - a wand of flame (9)
 g - a wand of mindburst (5)
 i - a wand of roots (11)
Scrolls
 l - 8 scrolls of teleportation {@r3}
 o - 2 scrolls of vulnerability {!r}
 A - 3 scrolls of immolation
 C - a scroll of identify {@r1}
 O - a scroll of fear
 P - a scroll of fog {@r2}
Potions
 a - 2 potions of curing {@q2}
 h - 2 potions of lignification
 p - 2 potions of berserk rage
 r - 3 potions of heal wounds {@q1}
 t - 4 potions of magic
 x - 2 potions of resistance
 B - a potion of mutation
 E - 2 potions of enlightenment
 U - a potion of might {@q3}
 X - 2 potions of cancellation
 Y - 2 potions of invisibility
Miscellaneous
 R - a lightning rod (4/4)


   Skills:
 + Level 15.2(20.2) Fighting
 - Level 13.2(18.2) Throwing
 - Level 8.0(13.0) Dodging
 - Level 10.0(15.0) Shields
 - Level 20.0(25.0) Unarmed Combat
 - Level 12.0 Invocations
 - Level 4.0 Evocations
 - Level 16.0 Shapeshifting


You had 20 spell levels left.
You didn't know any spells.
Your spell library contained the following spells:

 Spells                   Type           Power      Damage    Failure   Level
 Orb of Destruction       Conj           0%         9d5       100%        7
 Ozocubu's Refrigeration  Ice            0%         4d7       100%        7
 Polar Vortex             Ice            0%         N/A       100%        9
 Summon Blazeheart Golem  Fire/Summ      Unusable   N/A       N/A         4
 Sculpt Simulacrum        Ice/Alch       Unusable   N/A       N/A         6
 Spellforged Servitor     Conj/Summ      Unusable   N/A       N/A         7

Dungeon Overview and Level Annotations

Branches:
Dungeon (15/15)            Temple (1/1) D:6            Lair (5/5) D:10
 Shoals (4/4) Lair:2        Snake (4/4) Lair:2        Slime (0/5) Lair:4
    Orc (2/2) D:10         Depths (4/4) D:15            Zot (5/5) Depths:4
    Elf: Orc:2       Vaults: D:13-14

Altars:
Ashenzari
Cheibriados
Dithmenos
Elyvilon
Fedhas
Gozag
Hepliaklqana
Kikubaaqudgha
Makhleb
Okawaru
Qazlal
Ru
Sif Muna
Trog
Uskayaw
Vehumet
Wu Jian
Xom
Yredelemnul
Zin

Shops:
Shoals:2 *   Shoals:4 :   Snake:2 *(*?   Depths:3 [

Portals:
Hell: Depths:2
Abyss: Depths:2 Depths:4

Annotations:
D:7 1 runed translucent door
D:8 Jeremiah
D:9 Erolcha
Shoals:2 Polyphemus
Shoals:3 exclusion: upstairs
Zot:5 3 exclusions


Innate Abilities, Weirdness & Mutations

You are a living statue of rough stone.
Your actions are slow, but your melee attacks are powerful.
You are resistant to unholy torment.
Your maximum health is greatly increased.
Your equipment is partially melded.
You are too large for most types of armour.
You are immune to poison.
You have claws for hands.
Your natural rate of healing is unusually fast.
((You are covered in fur. (AC +1)))
((You have tough skin. (AC +1)))
Your flesh is cold resistant. (rC+)
You are dopey. (Int -2)
Your flesh is heat resistant. (rF+)
You are occasionally teleported next to monsters.
You are weak. (Str -2)


Message History

You scratch the Orb Guardian but do no damage.
The Orb Guardian is moderately wounded.
The Orb Guardian misses you.
You eviscerate the Orb Guardian!!!
The Orb Guardian is severely wounded.
The kobold hits you but does no damage. The Orb Guardian barely misses you.
An Orb Guardian comes into view.
You eviscerate the Orb Guardian!!!!!
You kill the Orb Guardian!
Okawaru accepts your kill.
You can now speed up your combat.
The kobold barely misses you.
You have reached level 21!
Your experience leads to an increase in your attributes!
Your base attributes are Str 33, Int 4, Dex 11.
Increase (S)trength, (I)ntelligence, or (D)exterity?
You feel clever. x2; You feel stronger.
The kobold throws a stone.
You block the stone. The kobold attacks as it pursues you!
You block the kobold's attack.
You open the door. You block the kobold's attack. x2
There is an open door here.
Blink to where?
Press: ? - help, Dir - move target You can't see that place. [a stone wall.]
Okay, then.
Blink to where?
Press: ? - help, Dir - move target
As you read the scroll of blinking {@r4}, it crumbles to dust.
Blink to where?
Press: ? - help, Dir - move target
As you read the scroll of blinking {@r4}, it crumbles to dust.
Unknown command.
Unknown command.
Unknown command.
Unknown command.
Unknown command.
Unknown command.
Unknown command.
Unknown command.
You have escaped!

###..........###'###.............
.........##..#8...8#.$##.........
####....####.##.#.##.# ##........
####.....##..#8.#.8#..##.........
.......).....##.#.##.............
.....K########8...8########..####
.....X#8#8#8#8#..)#8#8#8#8#..####
......#...X...............#.....#
......X.#####...8...#####.'......
......#...................#......
......#8#8#8#8#...#8#8#8#8#.....^
......### ####8...8########......
....... ..##.#.##.............
.###..... ..#8.#.8 ..##.....[..#
. .....####.##.#.##. ###....####
# #.....##..#8...8#..##.....## #
#.........###'###..........#


You could see an Orb Guardian.

Vanquished Creatures
  3 ancient liches
  3 orbs of fire (Zot:5)
  A dread lich (Zot:5)
  3 pandemonium lords
  Mara (Arena)
  2 juggernauts (Depths:2)
  4 Killer Klowns (Zot:5)
  Vashnia (Snake:3)
  A caustic shrike (Depths:3)
  A curse toe (Zot:5)
  4 golden dragons
  A bone dragon (Depths:4)
  2 electric golems
  A Tzitzimitl (Zot:1)
  3 Brimstone Fiends
  7 tentacled monstrosities
  A Hell Sentinel (Zot:2)
  27 Orb Guardians
  A deep elf master archer (Zig:3)
  3 liches
  2 quicksilver dragons
  A sphinx (Depths:4)
  An Executioner (Abyss:3)
  3 death cobs
  2 tentacled starspawn (Abyss:3)
  3 shadow dragons
  9 storm dragons
  A tengu reaver (Depths:2)
  5 draconian knights
  5 nagarajas (Snake:4)
  3 draconian monks
  An iron dragon (Depths:3)
  3 frost giants
  2 fire giants
  A ghost moth (Zot:1)
  6 draconian shifters
  2 balrugs
  2 cacodemons
  A reaper (D:1)
  5 draconian scorchers
  3 draconian stormcallers
  A draconian annihilator (Zot:3)
  A demonspawn corrupter (Zot:5)
  An orc warlord (Orc:2)
  3 very ugly things
  A spriggan defender (Depths:2)
  4 stone giants
  A demonspawn blood saint (Zot:5)
  2 vampire knights (Depths:2)
  5 green draconians
  Azrael (Snake:3)
  5 white draconians
  8 black draconians
  7 spark wasps
  7 red draconians
  4 yellow draconians
  3 purple draconians
  8 ettins
  Snorg (Lair:4)
  6 merfolk impalers
  A crystal guardian (Abyss:3)
  A green death (Zot:2)
  A blizzard demon (Abyss:3)
  3 fire dragons
  4 salamander tyrants (Snake:4)
  2 anacondas
  2 ice dragons
  2 rakshasas (Depths:4)
  A spriggan air mage (Depths:2)
  3 hydras
  A two-headed ogre (shapeshifter) (Depths:2)
  A hell beast (Zot:2)
  A catoblepas (Lair:2)
  4 merfolk avatars
  A dancing weapon (Zig:3)
  2 two-headed ogres
  4 deep troll shamans
  3 tengu warriors
  4 naga warriors
  4 centaur warriors
  An alligator snapping turtle (Shoals:4)
  2 merfolk aquamancers (Shoals:4)
  3 satyrs
  7 deep troll earth magi
  2 boulder beetles
  A vampire mage (Zig:5)
  Urug (Lair:1)
  2 spriggan berserkers
  3 occultists
  4 shock serpents
  A demonic crawler (Depths:2)
  3 thrashing horrors (Abyss:3)
  10 naga sharpshooters
  6 hell knights (Depths:1)
  4 sun demons (Zot:5)
  3 iron trolls (Depths:1)
  2 wretched stars (Abyss:3)
  A soul eater (Abyss:3)
  7 skysharks
  4 salamander mystics (Snake:4)
  2 shadow wraiths (Abyss:3)
  2 sixfirhies
  8 sea snakes
  2 naga ritualists
  3 glowing orange brains
  3 shadow demons
  A flayed ghost (Abyss:3)
  An obsidian statue (Zot:5)
  4 mana vipers
  A swamp dragon (Lair:5)
  15 deep trolls
  3 orc knights (D:15)
  22 harpies
  2 necromancers (Depths:1)
  2 deep elf pyromancers
  6 large abominations
  11 fauns
  6 salamanders
  3 orc sorcerers
  3 worldbinders (Abyss:3)
  11 ugly things
  9 cyclopes
  10 manticores
  3 meliai (D:14)
  11 moths of wrath
  9 merfolk sirens
  A meliai (shapeshifter) (D:14)
  12 elephants
  Joseph (D:9)
  3 rust devils
  3 water nymphs (Shoals:4)
  4 smoke demons (Abyss:3)
  A toenail golem (Depths:3)
  8 naga magi
  2 orange demons
  9 black mambas
  A hellion (Abyss:3)
  7 cane toads
  A torpor snail (Lair:3)
  6 rime drakes
  8 komodo dragons
  An efreet (D:13)
  2 tengu conjurers
  A red devil (Zig:4)
  A silent spectre (Abyss:3)
  2 ancient zymes (Abyss:3)
  17 merfolk
  A harpy zombie (Abyss:3)
  A polar bear (Lair:4)
  A hornet (D:7)
  A tarantella (shapeshifter) (Depths:2)
  11 blink frogs
  3 hellwings
  17 dream sheep
  4 raiju (Abyss:3)
  4 wind drakes
  7 snapping turtles
  A glass eye (Abyss:3)
  A slime creature (D:13)
  Sigmund (D:4)
  A spriggan (shapeshifter) (D:13)
  2 shadows (D:11)
  6 water elementals
  A vampire (D:11)
  51 yaks
  3 ynoxinuls (Abyss:3)
  6 wyverns
  A wraith (D:10)
  5 neqoxecs
  10 basilisks
  2 wargs
  3 fire elementals (Snake:3)
  10 golden eyes
  3 steam dragons (Lair:5)
  A vampire mosquito (D:13)
  5 chaos spawn
  25 nagas
  2 acid dragons
  11 water moccasins
  3 hell hounds (Snake:3)
  12 orc warriors
  4 laughing skulls (Abyss:3)
  2 small abominations (Abyss:3)
  2 black bears
  5 ogres
  A phantom (D:5)
  A kobold brigand (D:9)
  5 bullfrogs
  A gnoll sergeant (D:10)
  4 scorpions
  10 wights
  4 howler monkeys
  An electric eel (Lair:5)
  4 hounds
  3 lava snakes (Lair:2)
  2 jellies (D:6)
  9 orc priests
  2 bombardier beetles
  7 orc wizards
  A sleepcap (D:5)
  7 iguanas
  14 hell rats (Lair:1)
  8 adders
  15 gnolls
  7 river rats (Lair:1)
  2 white imps
  2 dart slugs
  34 orcs
  5 ball pythons
  4 endoplasms
  2 giant cockroaches
  5 goblins
  4 hobgoblins
  2 jackals (D:3)
  2 quokkas
  3 bats
  A frilled lizard (D:2)
  11 kobolds
  8 rats
  2 starspawn tentacles (Abyss:3)
978 creatures vanquished.

Vanquished Creatures (others)
  A purple draconian (Zot:3)
  A rakshasa (Depths:1)
  An orc warrior (D:7)
  A starspawn tentacle (Abyss:3)
4 creatures vanquished.

Grand Total: 982 creatures vanquished

Notes
Turn   | Place    | Note
-------+----------+-------------------------------------------
     0 | D:1      | Sergey the Troll Gladiator began the quest for the Orb.
     0 | D:1      | Reached XP level 1. HP: 19/19 MP: 0/0
   178 | D:1      | Reached XP level 2. HP: 27/27 MP: 1/1
   383 | D:2      | Noticed a scorpion
   581 | D:3      | Reached skill level 4 in Unarmed Combat
   595 | D:3      | Reached XP level 3. HP: 33/33 MP: 2/2
   683 | D:3      | Found a broken altar of Ashenzari.
   711 | D:3      | Reached skill level 5 in Unarmed Combat
   711 | D:3      | Reached XP level 4. HP: 41/41 MP: 3/3
   804 | D:3      | Found a snail-covered altar of Cheibriados.
   857 | D:4      | Found a shimmering blue altar of Sif Muna.
   973 | D:4      | Found a white marble altar of Elyvilon.
  1004 | D:4      | Reached XP level 5. HP: 49/49 MP: 4/4
  1013 | D:4      | Noticed an ogre
  1024 | D:4      | Killed an ogre
  1052 | D:4      | Noticed Sigmund
  1078 | D:4      | Reached skill level 6 in Unarmed Combat
  1090 | D:4      | Reached XP level 6. HP: 61/61 MP: 5/5
  1101 | D:4      | Killed Sigmund
  1240 | D:5      | Entered Level 5 of the Dungeon
  1260 | D:5      | Reached XP level 7. HP: 53/70 MP: 6/6
  1410 | D:4      | Reached skill level 7 in Unarmed Combat
  1776 | D:6      | Reached skill level 8 in Unarmed Combat
  1876 | D:6      | Reached XP level 8. HP: 78/78 MP: 7/7
  1921 | D:6      | Found a staircase to the Ecumenical Temple.
  1931 | Temple   | Entered the Ecumenical Temple
  1961 | Temple   | Became a worshipper of Warmaster Okawaru
  2037 | D:6      | Reached skill level 9 in Unarmed Combat
  2177 | D:7      | Noticed a hornet
  2226 | D:7      | Reached * piety under Okawaru
  2231 | D:7      | Reached skill level 10 in Unarmed Combat
  2231 | D:7      | Reached skill level 1 in Invocations
  2300 | D:7      | Found a hide-covered altar of Uskayaw.
  2372 | D:7      | Found a runed translucent door.
  2462 | D:7      | Reached XP level 9. HP: 84/84 MP: 7/10
  2497 | D:8      | Noticed Jeremiah
  2822 | D:8      | Reached skill level 5 in Fighting
  2831 | D:8      | Reached ** piety under Okawaru
  2835 | D:8      | Reached skill level 11 in Unarmed Combat
  2973 | D:9      | Found a stormy altar of Qazlal.
  3043 | D:9      | Noticed a two-headed ogre
  3076 | D:9      | Killed a two-headed ogre
  3076 | D:9      | Reached *** piety under Okawaru
  3077 | D:9      | Reached skill level 5 in Throwing
  3077 | D:9      | Reached XP level 10. HP: 97/98 MP: 9/12
  3156 | D:9      | Noticed Joseph
  3173 | D:9      | Killed Joseph
  3185 | D:9      | Noticed Erolcha
  3276 | D:10     | Entered Level 10 of the Dungeon
  3304 | D:10     | Noticed a two-headed ogre
  3308 | D:10     | Killed a two-headed ogre
  3308 | D:10     | Reached **** piety under Okawaru
  3365 | D:10     | Found a staircase to the Orcish Mines.
  3393 | D:10     | Found a staircase to the Lair.
  3412 | D:10     | Reached skill level 5 in Invocations
  3525 | D:10     | Identified a scroll of acquirement
  3865 | D:11     | Noticed a cyclops
  3879 | D:11     | Killed a cyclops
  3880 | D:11     | Reached XP level 11. HP: 90/107 MP: 12/14
  4099 | Lair:1   | Entered Level 1 of the Lair of Beasts
  4164 | Lair:1   | Noticed Urug
  4259 | Lair:1   | Killed Urug
  4352 | Lair:1   | Reached skill level 1 in Evocations
  4607 | Lair:2   | Reached ***** piety under Okawaru
  4630 | Lair:2   | Noticed a catoblepas
  4632 | Lair:2   | Noticed a seven-headed hydra
  4636 | Lair:2   | Killed a catoblepas
  4642 | Lair:2   | Killed a seven-headed hydra
  4678 | Lair:2   | Identified the +5 long sword of the Stopping Saviour {vamp,
                  | Str+6}
  4788 | Lair:2   | Received a gift from Okawaru
  4789 | Lair:2   | Reached XP level 12. HP: 101/122 MP: 15/15
  4810 | Lair:2   | Found a staircase to the Shoals.
  4964 | Lair:3   | Noticed a six-headed hydra
  4970 | Lair:3   | Killed a six-headed hydra
  4974 | Lair:3   | Noticed a boulder beetle
  4985 | Lair:3   | Killed a boulder beetle
  5109 | Lair:3   | Reached skill level 10 in Throwing
  5189 | Lair:4   | Noticed Snorg
  5193 | Lair:4   | Reached skill level 10 in Fighting
  5194 | Lair:4   | Received a gift from Okawaru
  5194 | Lair:4   | Killed Snorg
  5240 | Lair:4   | Reached skill level 12 in Unarmed Combat
  5316 | Lair:5   | Entered Level 5 of the Lair of Beasts
  5322 | Lair:5   | Received a gift from Okawaru
  5437 | Lair:4   | Acquired 872 gold pieces
  5446 | Lair:4   | Found a staircase to the Slime Pits.
  5498 | Lair:4   | Reached XP level 13. HP: 112/135 MP: 16/16
  5641 | Lair:5   | Reached ****** piety under Okawaru
  5651 | Lair:5   | Acquired a +1 cloak of willpower
  5651 | Lair:5   | Received a gift from Okawaru
  5652 | Lair:5   | Acquired the +0 hat "Ibbear" {rF++}
  5692 | Lair:5   | Received a gift from Okawaru
  5703 | Lair:5   | Reached skill level 13 in Unarmed Combat
  5822 | Lair:5   | Identified the +5 dire flail of the Hidden Bounties {vamp,
                  | Int+3 Dex+3}
  6517 | Shoals:1 | Entered Level 1 of the Shoals
  6585 | Shoals:1 | Noticed a merfolk impaler
  6588 | Shoals:1 | Reached skill level 1 in Shields
  6591 | Shoals:1 | Reached skill level 14 in Unarmed Combat
  6601 | Shoals:1 | Killed a merfolk impaler
  6613 | Shoals:1 | Received a gift from Okawaru
  6701 | Arena    | Entered the Arena
  6746 | Shoals:2 | Noticed a merfolk javelineer
  6753 | Shoals:2 | Noticed Polyphemus
  6808 | Shoals:2 | Found Xitwysh's Assorted Antiques.
  6831 | Shoals:2 | Reached XP level 14. HP: 145/149 MP: 17/17
  6836 | Shoals:2 | Bought a silver wand for 156 gold pieces
  6836 | Shoals:2 | Bought a scroll of teleportation for 117 gold pieces
  6836 | Shoals:2 | Bought a potion of haste for 390 gold pieces
  6836 | Shoals:2 | Bought a scroll of blinking for 292 gold pieces
  6928 | Shoals:3 | Reached skill level 5 in Shields
  7124 | Shoals:4 | Entered Level 4 of the Shoals
  7171 | Shoals:4 | Received a gift from Okawaru
  7256 | Shoals:4 | Found Sercheezu's Book Shop.
  7518 | Shoals:4 | Received a gift from Okawaru
  7549 | Shoals:4 | Reached skill level 1 in Shapeshifting
  7603 | Shoals:4 | Reached XP level 15. HP: 95/156 MP: 13/20
  7643 | Shoals:4 | Got an azure gem with 866 turns to spare
  7645 | Shoals:4 | Got a barnacled rune of Zot
  7711 | Shoals:4 | Reached skill level 5 in Shapeshifting
  7910 | Shoals:3 | Received a gift from Okawaru
  8183 | Lair:2   | Found a staircase to the Snake Pit.
  8213 | Snake:1  | Entered Level 1 of the Snake Pit
  8375 | Snake:2  | Found Osaon's Magic Scroll Shop.
  8376 | Snake:2  | Found Exzerph's General Store.
  8376 | Snake:2  | Found Honatryt's Antique Weapon Boutique.
  8381 | Snake:2  | Bought a scroll of blinking for 127 gold pieces
  8381 | Snake:2  | Bought a scroll of fear for 68 gold pieces
  8381 | Snake:2  | Found Afacwie's General Store.
  8453 | Snake:2  | Found a flickering gateway to a bazaar.
  8468 | Bazaar   | Entered a bazaar
  8468 | Bazaar   | Found Unyrekk's Antique Armour Emporium.
  8468 | Bazaar   | Found Ypanorou's Antique Weapon Emporium.
  8478 | Bazaar   | Found Muohuet's General Store.
  8486 | Bazaar   | Bought a scroll of teleportation for 18 gold pieces
  8489 | Bazaar   | Found Ityrrur's Book Shoppe.
  8505 | Bazaar   | Found Qetamih's Distillery.
  8535 | Bazaar   | Bought 2 potions of might for 160 gold pieces
  8535 | Bazaar   | Bought a potion of cancellation for 160 gold pieces
  8535 | Bazaar   | Bought a potion of invisibility for 160 gold pieces
  8585 | Snake:3  | Acquired 716 gold pieces
  8652 | Snake:3  | Noticed Azrael
  8667 | Snake:3  | Noticed Mara
  8670 | Snake:3  | Killed Azrael
  8674 | Arena    | Entered the Arena
  8680 | Arena    | Noticed Sergey's illusion
  8685 | Arena    | Killed Mara
  8755 | Snake:4  | Entered Level 4 of the Snake Pit
  8779 | Snake:4  | Reached skill level 10 in Shapeshifting
  8828 | Snake:3  | Noticed Vashnia
  8850 | Snake:3  | Killed Vashnia
  8993 | Snake:4  | Reached XP level 16. HP: 156/165 MP: 21/21
  9182 | Snake:4  | Got a jade gem with 1657 turns to spare
  9184 | Snake:4  | Got a serpentine rune of Zot
  9306 | Snake:2  | Bought a scroll of poison for 68 gold pieces
  9306 | Snake:2  | Bought a scroll of revelation for 127 gold pieces
  9306 | Snake:2  | Bought a scroll of poison for 68 gold pieces
  9312 | Snake:2  | Bought a potion of haste for 120 gold pieces
  9312 | Snake:2  | Bought a potion of resistance for 120 gold pieces
  9312 | Snake:2  | Bought a scroll of teleportation for 36 gold pieces
  9312 | Snake:2  | Bought a potion of invisibility for 96 gold pieces
  9521 | Orc:1    | Entered Level 1 of the Orcish Mines
  9549 | Orc:2    | Entered Level 2 of the Orcish Mines
  9940 | D:15     | Entered Level 15 of the Dungeon
 10157 | D:15     | Found a staircase to the Depths.
 10160 | D:15     | Got a smoky gem with 4376 turns to spare
 10163 | Depths:1 | Entered Level 1 of the Depths
 10214 | Depths:1 | Reached skill level 15 in Shapeshifting
 10219 | Depths:1 | Received a gift from Okawaru
 10325 | Depths:1 | Reached XP level 17. HP: 138/172 MP: 15/22
 10354 | Depths:1 | Received a gift from Okawaru
 10568 | Depths:2 | Found a one-way gate to the infinite horrors of the Abyss.
 10581 | Depths:2 | Noticed a golden dragon
 10585 | Depths:2 | Reached skill level 10 in Invocations
 10586 | Depths:2 | Killed a golden dragon
 10588 | Depths:2 | Voluntarily entered the Abyss.
 10610 | Abyss:2  | Gained mutation: Your health recovers twice as slowly from
                  | being drained. [mutagenic glow]
 10627 | Abyss:2  | Found a corrupted altar of Lugonu.
 10627 | Abyss:2  | Gained mutation: You occasionally lose the ability to drink
                  | potions when taking damage. [mutagenic glow]
 10965 | Depths:2 | Escaped the Abyss
 10965 | Depths:2 | Noticed a juggernaut
 10967 | Depths:2 | Noticed a juggernaut
 10975 | Depths:2 | Killed a juggernaut
 10981 | Depths:2 | Killed a juggernaut
 11009 | Depths:2 | Voluntarily entered the Abyss.
 11016 | Abyss:3  | Noticed a bone dragon
 11021 | Abyss:3  | Found a corrupted altar of Lugonu.
 11021 | Abyss:3  | Noticed a lich
 11112 | Abyss:3  | Found a corrupted altar of Lugonu.
 11173 | Abyss:3  | Got an abyssal rune of Zot
 11184 | Abyss:3  | Found a corrupted altar of Lugonu.
 11190 | Depths:2 | Escaped the Abyss
 11200 | Depths:2 | Found a gateway to Hell.
 11228 | Depths:2 | Reached XP level 18. HP: 183/183 MP: 26/26
 11345 | Depths:3 | Noticed a caustic shrike
 11351 | Depths:3 | Killed a caustic shrike
 11466 | Depths:3 | Found Zoepnew's Armour Shoppe.
 11502 | Depths:3 | Found a one-way gateway to a ziggurat.
 11538 | Zig:1    | Entered Level 1 of a ziggurat
 11548 | Zig:2    | Entered Level 2 of a ziggurat
 11563 | Zig:3    | Entered Level 3 of a ziggurat
 11568 | Zig:3    | Reached skill level 15 in Unarmed Combat
 11602 | Zig:4    | Entered Level 4 of a ziggurat
 11604 | Zig:4    | Noticed a Brimstone Fiend
 11607 | Zig:4    | Noticed Qionib the pandemonium lord
 11608 | Arena    | Entered the Arena
 11617 | Arena    | Killed Qionib the pandemonium lord
 11639 | Zig:4    | Killed a Brimstone Fiend
 11669 | Zig:5    | Entered Level 5 of a ziggurat
 11672 | Zig:5    | Noticed a lich
 11672 | Zig:5    | Noticed an ancient lich
 11672 | Zig:5    | Noticed a lich
 11682 | Zig:5    | Killed a lich
 11688 | Zig:5    | Killed a lich
 11693 | Zig:5    | Killed an ancient lich
 11712 | Zig:5    | Identified the ring of the Writhing Ancients {Will+ AC+4}
 11729 | Depths:4 | Entered Level 4 of the Depths
 11832 | Depths:4 | Noticed a golden dragon
 11840 | Depths:4 | Killed a golden dragon
 11894 | Depths:4 | Reached skill level 16 in Unarmed Combat
 11933 | Depths:4 | Noticed a bone dragon
 11941 | Depths:4 | Killed a bone dragon
 11947 | Depths:4 | Found a gate to the Realm of Zot.
 11957 | Depths:4 | Got a midnight gem with 1608 turns to spare
 11960 | Zot:1    | Entered Level 1 of the Realm of Zot
 11969 | Zot:1    | Noticed a tentacled monstrosity
 11974 | Zot:1    | Killed a tentacled monstrosity
 12090 | Zot:1    | Reached skill level 5 in Dodging
 12092 | Zot:1    | Noticed a tentacled monstrosity
 12097 | Zot:1    | Killed a tentacled monstrosity
 12160 | Zot:1    | Reached XP level 19. HP: 196/196 MP: 27/27
 12320 | Zot:2    | Received a gift from Okawaru
 12325 | Zot:2    | Noticed an electric golem
 12338 | Zot:2    | Killed an electric golem
 12466 | Zot:3    | Reached skill level 15 in Fighting
 12559 | Zot:5    | Entered Level 5 of the Realm of Zot
 12697 | Zot:5    | Noticed a curse toe
 12700 | Zot:5    | Reached skill level 17 in Unarmed Combat
 12704 | Zot:5    | Killed a curse toe
 12739 | Zot:5    | Got a prismatic gem with 58 turns to spare
 12766 | Zot:5    | Noticed an ancient lich
 12771 | Zot:5    | Killed an ancient lich
 12777 | Zot:5    | Noticed a dread lich
 12795 | Zot:5    | Killed a dread lich
 12796 | Zot:5    | Noticed a Killer Klown
 12796 | Zot:5    | Noticed a golden dragon
 12804 | Zot:5    | Killed a Killer Klown
 12809 | Zot:5    | Killed a golden dragon
 12810 | Zot:5    | Reached skill level 18 in Unarmed Combat
 12810 | Zot:5    | Noticed an orb of fire
 12816 | Zot:5    | Gained mutation: You are dopey. (Int -2) [an orb of fire]
 12820 | Zot:5    | Killed an orb of fire
 12821 | Zot:5    | Lost mutation: You occasionally lose the ability to drink
                  | potions when taking damage. [potion of mutation]
 12821 | Zot:5    | Lost mutation: Your health recovers twice as slowly from
                  | being drained. [potion of mutation]
 12821 | Zot:5    | Gained mutation: Your flesh is heat resistant. (rF+)
                  | [potion of mutation]
 12821 | Zot:5    | Gained mutation: Your flesh is cold resistant. (rC+)
                  | [potion of mutation]
 12823 | Zot:5    | Noticed an ancient lich
 12829 | Zot:5    | Killed an ancient lich
 12830 | Zot:5    | Reached XP level 20. HP: 210/210 MP: 23/28
 12840 | Zot:5    | Noticed a Killer Klown
 12844 | Zot:5    | Killed a Killer Klown
 12863 | Zot:5    | Received a gift from Okawaru
 12882 | Zot:5    | Noticed a Killer Klown
 12884 | Zot:5    | Noticed a Killer Klown
 12905 | Zot:5    | Killed a Killer Klown
 12921 | Zot:5    | Killed a Killer Klown
 12930 | Zot:5    | Noticed an orb of fire
 12937 | Zot:5    | Killed an orb of fire
 12938 | Zot:5    | Reached skill level 19 in Unarmed Combat
 12942 | Zot:5    | Noticed a golden dragon
 12953 | Zot:5    | Killed a golden dragon
 13062 | Zot:5    | Reached skill level 20 in Unarmed Combat
 13071 | Zot:5    | Got the Orb of Zot
 13093 | Zot:5    | Noticed an orb of fire
 13101 | Zot:5    | Gained mutation: You are weak. (Str -2) [an orb of fire]
 13110 | Zot:5    | Killed an orb of fire
 13705 | D:14     | Noticed Foplefir the pandemonium lord
 13711 | D:14     | Killed Foplefir the pandemonium lord
 13927 | D:5      | Noticed Wotysm the pandemonium lord
 13937 | D:5      | Killed Wotysm the pandemonium lord
 13938 | D:5      | Reached skill level 10 in Shields
 13958 | D:5      | Gained mutation: You are occasionally teleported next to
                  | monsters. [a neqoxec]
 14000 | D:3      | Noticed a seraph
 14090 | D:1      | Reached XP level 21. HP: 218/218 MP: 29/29
 14098 | D:$      | Escaped with the Orb!

Illustrated notes

Levels and vault maps discovered:
D:1:      heliophobic_arrival_ceremonial_halls, layout_rooms, st_stairs_1,
          minmay_misc_feat_square
D:2:      layout_loops_corners, uniq_robin
D:3:      layout_basic, tso_altar, kennysheep_slug_shrine, lemuel_doored_altar,
          serial_glass, glass_columns_b, glass_columns_b
D:4:      layout_loops_cross, lemuel_crystal_altar, elyvilon_altar_3,
          cheibrodos_gnoll_hut, uniq_sigmund
D:5:      layout_loops_cross
D:6:      cheibrodos_quashed, layout_cave_pools, minmay_temple_entry_mist,
          minivault_1, minmay_misc_feat_chi
D:7:      layout_rooms, mainiacjoe_overflow_24_doors, ebering_ghost_inner_flame,
          corexii_leaking_fountain
D:8:      layout_gridville, grunt_nemelex_the_gamble, uniq_jeremiah
D:9:      layout_small_grid, mainiacjoe_overflow_catwalk, grunt_ministairs_14,
          uniq_erolcha, uniq_joseph
D:10:     layout_basic, david_lair_shrubbed, david_orc_2,
          chequers_decorated_corner, statue_in_the_mist_lemuel
D:11:     layout_roguey
D:12:     layout_roguey, pdpol_wu_jian_five_deadly_venoms, uniq_jorgrun
D:13:     layout_layer_cave, st_stairs_9, reono_crystal_passage, uniq_nessos
D:14:     layout_cave_pools, ximxim_vaults_locker_room, minmay_misc_feat_tiny,
          nzn_life_drinkers
D:15:     hangedman_slaughterboxes, serial_shops, uniq_agnes, uniq_louise
Temple:   compressed_dpeg_circular_temple
Lair:1:   layout_regular_city, kennysheep_abandoned_house, uniq_urug
Lair:2:   layout_regular_city, minmay_shoals_entry_beasts,
          nicolae_snake_entry_warm_welcome
Lair:3:   layout_layer_cave, nzn_sisyphean_effort
Lair:4:   layout_layer_cave, slime_entry_1, grunt_megastairs_4,
          serial_bayou_shore_b, lemuel_fruit_tree, uniq_snorg
Lair:5:   wormcave, layout_misc_corridors, guppyfry_lair_end_dragon,
          st_stairs_9, serial_bayou_shore_a
Shoals:1: layout_shoals
Shoals:2: nicolae_shoals_aurelia_aurita, layout_shoals, nicolae_stop_n_shop_2,
          uniq_polyphemus
Shoals:3: layout_shoals, nicolae_shoals_shepherds
Shoals:4: shoals_end_hangedman, layout_shoals, serial_shops, shop,
          nicolae_shoals_lost_giant_baths, hangedman_shoals_cup_caves
Snake:1:  layout_grid_maze, basic_altar, drop_trap, uniq_aizul
Snake:2:  layout_grid_maze, serial_shops, freezing_bzr, minmay_shoptagon
Snake:3:  layout_gridlike, nicolae_letterblocks [nicolae_letter_subblock,
          nicolae_letter_subblock, nicolae_letter_subblock,
          nicolae_letter_subblock, nicolae_letter_subblock,
          nicolae_letter_subblock, nicolae_letter_subblock,
          nicolae_letter_subblock, nicolae_letter_subblock,
          nicolae_letter_subblock, nicolae_letter_subblock,
          nicolae_letter_subblock, nicolae_letter_subblock,
          nicolae_letter_subblock, nicolae_letter_subblock,
          nicolae_letter_subblock, nicolae_letter_subblock,
          nicolae_letter_subblock, nicolae_letter_subblock,
          nicolae_letter_subblock, nicolae_letter_subblock,
          nicolae_letter_subblock, nicolae_letter_subblock,
          nicolae_letter_subblock, nicolae_letter_subblock], uniq_vashnia,
          uniq_bai_suzhen, uniq_azrael, uniq_mara
Snake:4:  minmay_snake_end_coiled, layout_rooms, gammafunk_ghost_abyssal_escape,
          serial_bayou_lagoon_a
Orc:1:    layout_diamond_mine, ebering_ghost_rock_garden
Orc:2:    st_orc_ogre_mass, layout_diamond_mine, nicolae_orc_quarried_blocks
Depths:1: layout_basic, abyss_entry_flame_altar, hangedman_decor_growths,
          hell_entry, kiku_gazebo_pond_becter, minmay_shop_grove
Depths:2: minmay_bad_star, layout_gridlike, grunt_pan_entry_sceptre,
          nicolae_uskayaw_suspiria, hell_entry, abyss_entry
Depths:3: minmay_the_grid_four_pointed_star_mashed
          [minmay_the_grid_triangle_9x9_empty,
          minmay_the_grid_triangle_9x9_windchime,
          minmay_the_grid_triangle_9x9_steps,
          minmay_the_grid_triangle_9x9_from_above,
          minmay_the_grid_prize_four_corners_diamond_b], layout_gridlike,
          enter_ziggurat_e, serial_shops, shop, serial_glass, glass_columns_a,
          glass_columns_b, pf_vacation_house_of_asmodeus,
          minmay_room_of_horrors, infiniplex_staircase_pillars_3a
Depths:4: grunt_zot_entry_gee_three, layout_long_grid,
          hangedman_abyss_entry_splay, hellmonk_sif_muna_bookshelves,
          pf_coc_iceberg
Zot:1:    nicolae_moth_party, layout_gridlike, st_stairs_4,
          st_large_dragon_hoard_2
Zot:2:    layout_misc_corridors, hangedman_zot_diagonal_lockstep
Zot:3:    layout_misc_corridors
Zot:4:    layout_gridlike, regret_index_zotdec_twisting_globes
Zot:5:    layout_gridlike

Skill      XL: |  1  2  3  4  5  6  7  8  9 10 11 12 13 14 15 16 17 18 19 20 |
---------------+-------------------------------------------------------------+-----
Unarmed Combat | 4 5 6 8 10 11 12 14 16 18 20 | 20.0
Fighting       | 2 3 4 5 6 8 10 12 14 15 | 15.2
Throwing       | 2 3 4 5 8 9 11 13 | 13.2
Invocations    | 3 4 6 8 12 | 12.0
Evocations     | 4 |  4.0
Shields        | 4 6 8 10 | 10.0
Shapeshifting  | 3 11 15 16 | 16.0
Dodging        | 6 8 |  8.0

Action                     |  1- 3 |  4- 6 |  7- 9 | 10-12 | 13-15 | 16-18 | 19-21 || total
---------------------------+-------+-------+-------+-------+-------+-------+-------++-------
  Melee: Unarmed           |    59 |    97 |   180 |   355 |   461 |   580 |   391 ||  2123
         Punch             |     1 |     4 |     7 |    21 |    10 |       |       ||    43
  Throw: Throwing net      |       |     3 |     2 |     2 |     2 |       |       ||     9
         Large rock        |       |     1 |     4 |     7 |    14 |    26 |    16 ||    68
         Boomerang         |       |       |    20 |    22 |   314 |   286 |   140 ||   782
         Stone             |       |       |     6 |       |       |       |       ||     6
         Dart              |       |       |     3 |     4 |     1 |     3 |       ||    11
         Javelin           |       |       |       |    11 |    45 |    38 |    24 ||   118
 Invoke: Heroism           |       |       |     5 |    12 |    27 |    34 |    24 ||   102
         Finesse           |       |       |       |       |    14 |    19 |    16 ||    49
         Duel              |       |       |       |       |     2 |     1 |       ||     3
         Receive Armour    |       |       |       |       |     1 |       |       ||     1
  Evoke: Wand              |       |       |     5 |     2 |    13 |     4 |     2 ||    26
         Lightning rod     |       |       |       |     5 |     2 |       |     4 ||    11
    Use: Potion            |     2 |     1 |     3 |       |    14 |     1 |     8 ||    29
         Scroll            |     3 |     3 |    10 |    13 |    12 |    16 |    11 ||    68
   Stab: Sleeping          |       |     1 |       |       |       |       |       ||     1
         Held in net/web   |       |     1 |       |     2 |       |       |       ||     3
         Distracted        |       |       |       |       |       |     2 |       ||     2
 Armour: Robe              |    29 |    56 |   115 |    37 |       |       |       ||   237
         Acid dragon scale |       |       |       |   211 |   101 |       |       ||   312
         Swamp dragon scal |       |       |       |       |   317 |    93 |       ||   410
         Skin              |       |       |       |       |       |   587 |   364 ||   951
  Dodge: Dodged            |    27 |    38 |    49 |   117 |   198 |   202 |   131 ||   762
  Block: Kite shield       |       |       |       |       |   116 |   291 |   217 ||   624
         Tower shield      |       |       |       |       |       |    59 |       ||    59
   Form: Statue            |       |       |       |       |       |     1 |       ||     1
